 Dungeon Crawl Stone Soup version bcrawl-1.38.1 (webtiles) character file.

Game seed: 10534592418421411599

288601 Morbidden the Cudgeler (level 10, 0/107 HPs)
             Began as an Ent Archaeologist on Mar 28, 2023.
             Was a High Priest of Cheibriados.
             Killed from afar by Psyche (9 damage)
             ... with a poison arrow
             ... on level 9 of the Dungeon.
             The game lasted 00:14:19 (8591 turns).

Morbidden the Cudgeler (Ent Archaeologist)          Turns: 8591, Time: 00:14:20

Health: 0/107      AC: 18    Str: 35    XL:     10   Next: 23%
Magic:  16/16      EV: 15    Int: 33    God:    Cheibriados [*****.]
Gold:   482        SH:  3    Dex: 21    Spells: 16/17 levels left

rFire    . . .     GDR:     38% a - +0 mace
rCold    + . .     SeeInvis .   (no shield)
rNeg     + + +     Gourm    .   (armour unavailable)
rPois    +         Faith    .   f - +1 hat of Misanthropy {MR+ Str+3 Int+2}
rElec    .         Spirit   .   (no cloak)
rCorr    .         Reflect  +   (gloves unavailable)
MR       ++...     Clarity  +   (boots unavailable)
Stlth    +++.......             x - +3 amulet of reflection
HPRegen  0.27/turn              r - ring of protection from cold
MPRegen  0.15/turn              (no ring)

@: lethally poisoned (0 -> -19), very slow
A: large, slow actions, passwall, strong branches, negative energy resistance 3,
poison resistance, slow metabolism 1, torment resistance, unbreathing, AC +17
a: Passwall, Bend Time, Defer, Temporal Distortion, Step From Time, Renounce
Religion


You were on level 9 of the Dungeon.
You worshipped Cheibriados.
Cheibriados was extremely pleased with you.
You were hungry.

You visited 2 branches of the dungeon, and saw 10 of its levels.
You also visited: Ossuary.

You collected 482 gold pieces.

Inventory:

Hand Weapons
 a - a +0 mace (weapon)
 b - a +0 blowgun
 k - a +0 halberd
 q - a +0 war axe
Missiles
 c - 102 poisoned needles
 d - 5 curare-tipped needles
 j - 390 poisoned tomahawks (quivered)
 t - 795 stones
 y - 112 javelins
Armour
 f - the +1 hat of Misanthropy (worn) {MR+ Str+3 Int+2}
   (You acquired it on level 3 of the Dungeon)

   It affects your strength (+3).
   It affects your intelligence (+2).
   It affects your resistance to hostile enchantments.
Jewellery
 r - a ring of protection from cold (left hand)
 x - a +3 amulet of reflection (around neck)
Wands
 w - a wand of charming (20)
Scrolls
 g - 5 scrolls of magic mapping
 i - 7 scrolls of identify
 l - 2 scrolls of amnesia
 m - 5 scrolls of teleportation
 n - 2 scrolls of enchant weapon {unknown}
 o - 6 scrolls of remove curse {unknown}
 s - 4 scrolls of fog {unknown}
 u - a scroll of enchant armour {unknown}
 v - 3 scrolls of fear {unknown}
 E - a scroll of torment {unknown}
 F - a scroll of noise {unknown}
Potions
 h - a potion of lignification
 p - a potion of berserk rage {unknown}
 z - a potion of might {unknown}
 A - 2 potions of curing
 B - 2 potions of magic {unknown}
 C - a potion of mutation {unknown}
 D - a potion of experience {unknown}
Comestibles
 e - 14 rations {!d}


   Skills:
 * Level 6.5 Fighting
 + Level 1.4(4.1) Axes
 * Level 7.8(8.0) Maces & Flails
 * Level 5.0(5.3) Polearms
 * Level 3.3 Throwing
 * Level 6.1 Dodging
 + Level 4.8 Stealth
 * Level 4.3 Spellcasting
 * Level 2.3 Conjurations
 * Level 4.9 Invocations
 * Level 3.3 Evocations


You had 16 spell levels left.
You knew the following spells:

 Your Spells              Type           Power        Failure   Level  Hunger
a - Magic Dart            Conj           ###.         1%          1    None

Your spell library contained the following spells:

 Spells                   Type           Power        Failure   Level  Hunger
 Blink                    Tloc           N/A          8%          2    None
 Call Imp                 Summ           #.....       8%          2    None
 Sticks to Snakes         Tmut           #.......     8%          2    None
 Conjure Flame            Conj/Fire      ##......     10%         3    ###....
 Mephitic Cloud           Conj/Pois/Air  ##......     11%         3    ###....
 Beastly Appendage        Tmut           Unusable     N/A         1    N/A
 Passwall                 Tmut/Erth      Unusable     N/A         2    N/A
 Spider Form              Tmut/Pois      Unusable     N/A         3    N/A
 Ice Form                 Ice/Tmut       Unusable     N/A         4    N/A
 Blade Hands              Tmut           Unusable     N/A         5    N/A

Dungeon Overview and Level Annotations

Branches:
Dungeon (9/12)             Temple (1/1) D:4
   Lair: D:7-9          Orc: D:8-11

Altars:
Ashenzari
Cheibriados
Elyvilon
Gozag
Hepliaklqana
Lugonu
Makhleb
Nemelex Xobeh
Okawaru
Qazlal
Sif Muna
Vehumet
Wu Jian
Yredelemnul
Zin

Shops:
D:4 *   D:6 !

Annotations:
D:6 3 runed translucent doors, Mehrunes's ghost, novice FoFi; yrara's ghost, novice DsFi
D:8 2 transporters, Sarzael's ghost, novice DsSk
D:9 Psyche


Innate Abilities, Weirdness & Mutations

You move and act slowly.
You can pass through walls and trees.
Your branches can wield two-handed weapons with a shield.
Your thick bark is tough. (AC +17)
You are too large for most types of armour.
You are immune to negative energy. (rN+++)
Your system is resistant to poisons. (rPois)
You have a slow metabolism.
You are immune to unholy pain and torment.
You can survive without breathing.


Message History

Psyche closely misses you.
You closely miss Psyche.
Psyche is almost dead.
You feel sick. Psyche gestures at you while chanting.
You are lethally poisoned!
You partially resist. The poison arrow hits you.
* * * LOW HITPOINT WARNING * * *
Psyche hits you but does no damage. Psyche barely misses you.
No path to travel!
Throwing (i - inventory. (/) - cycle)
j - 391 poisoned tomahawks (quivered)
Press: ? - help, Shift-Dir - straight line, f/p - Psyche
Aim: Psyche, wielding a +4 dagger of chaos and wearing a +0 robe (almost dead, fast, deflecting missiles)
You throw a poisoned tomahawk.
Psyche deflects the poisoned tomahawk!
* * * LOW HITPOINT WARNING * * *
You feel sick.
Psyche points at you and mumbles some strange words.
You are more poisoned.
You partially resist. The poison arrow hits you!
You die...

##### #<..#
# ##.##
#.########.#
#..@@......#
#.##########
.. ... .##


You could see Psyche.

Vanquished Creatures
  Joseph (D:7)
  A troll (D:7)
  A killer bee (D:7)
  A hornet (D:8)
  A wyvern (D:8)
  6 yaks
  Menkaure (D:6)
  2 orc warriors
  3 sky beasts
  An ice beast (D:8)
  2 ogres
  2 bullfrogs
  A kobold brigand (D:6)
  2 centaurs (D:6)
  A gnoll sergeant (D:8)
  A wyvern skeleton (D:8)
  A wight (D:4)
  A howler monkey (D:4)
  4 orc priests
  4 crimson imps
  A human zombie (Ossuary)
  4 hounds
  7 orc wizards
  2 iguanas
  A worker ant (D:8)
  A killer bee zombie (D:6)
  A hound zombie (D:5)
  3 hound skeletons
  2 mummies (Ossuary)
  A worker ant zombie (D:3)
  11 adders
  3 centaur zombies (Ossuary)
  11 gnolls
  A shadow imp (D:5)
  An adder skeleton (D:5)
  An adder zombie (Ossuary)
  6 worms
  2 dart slugs
  8 leopard geckos
  41 orcs
  3 giant cockroaches
  7 hobgoblins
  4 jackals
  5 quokkas
  A ball python (D:3)
  12 bats
  3 frilled lizards
  9 goblins
  A goblin zombie (D:8)
  6 hobgoblin zombies (Ossuary)
  A jackal skeleton (D:5)
  4 jackal zombies (Ossuary)
  11 kobolds
  13 kobold zombies (Ossuary)
  8 orc zombies (Ossuary)
  A quokka skeleton (D:2)
  5 rats
  2 rat zombies
241 creatures vanquished.

Vanquished Creatures (collateral kills)
  3 killer bees (D:7)
  A hound zombie (D:7)
4 creatures vanquished.

Vanquished Creatures (others)
  A killer bee (D:7)
  4 withered plants (D:6)
5 creatures vanquished.

Grand Total: 250 creatures vanquished

Notes
Turn   | Place    | Note
-------+----------+-------------------------------------------
     0 | D:1      | Morbidden the Ent Archaeologist began the quest for the
                  | Orb.
     0 | D:1      | Reached XP level 1. HP: 21/21 MP: 1/1
    93 | D:1      | Reached XP level 2. HP: 6/29 MP: 2/2
   534 | D:1      | Reached XP level 3. HP: 34/36 MP: 3/3
  1086 | D:2      | Reached skill level 1 in Throwing
  1181 | D:2      | Reached skill level 2 in Maces & Flails
  1255 | D:2      | Reached XP level 4. HP: 24/44 MP: 5/5
  1576 | D:2      | Found a snail-covered altar of Cheibriados.
  1580 | D:2      | Became a worshipper of Cheibriados the Contemplative
  1747 | D:3      | Found a burning altar of Makhleb.
  1813 | D:3      | Noticed an ogre
  1816 | D:3      | Killed an ogre
  1817 | D:3      | Reached skill level 3 in Maces & Flails
  1817 | D:3      | Reached skill level 1 in Spellcasting
  1817 | D:3      | Reached skill level 1 in Evocations
  1817 | D:3      | Reached XP level 5. HP: 53/53 MP: 6/6
  1817 | D:3      | Identified a scroll of acquirement
  1817 | D:3      | Identified the +1 hat of Misanthropy {MR+ Str+3 Int+2} (You
                  | acquired it on level 3 of the Dungeon)
  1940 | D:3      | Reached skill level 1 in Invocations
  1947 | D:3      | Reached * piety under Cheibriados
  2212 | D:3      | Reached XP level 6. HP: 54/61 MP: 8/8
  2610 | D:3      | Found a shattered altar of Ashenzari.
  2783 | D:3      | Reached ** piety under Cheibriados
  2842 | D:4      | Found a staircase to the Ecumenical Temple.
  2847 | D:4      | Found Ewky's Assorted Antiques.
  2889 | D:4      | Reached skill level 4 in Maces & Flails
  2949 | Temple   | Entered the Ecumenical Temple
  3402 | D:4      | Reached XP level 7. HP: 72/72 MP: 10/10
  3733 | D:5      | Entered Level 5 of the Dungeon
  3748 | D:5      | Reached skill level 5 in Maces & Flails
  3967 | D:5      | Found a hazy altar of Hepliaklqana.
  3967 | D:5      | Found a white marble altar of Elyvilon.
  3968 | D:5      | Found an ancient bone altar of Kikubaaqudgha.
  4073 | D:5      | Reached skill level 1 in Polearms
  4271 | D:5      | Reached *** piety under Cheibriados
  4681 | D:5      | Reached XP level 8. HP: 79/84 MP: 12/12
  4772 | D:6      | Noticed Menkaure
  4785 | D:6      | Killed Menkaure
  4889 | D:6      | Found Keidamm's Distillery.
  5068 | D:6      | Found a sparkling altar of Nemelex Xobeh.
  5097 | D:6      | Reached skill level 6 in Maces & Flails
  5121 | D:6      | Found a stormy altar of Qazlal.
  5150 | D:6      | Learned a level 1 spell: Magic Dart
  5468 | D:6      | Found a runed translucent gate.
  5469 | D:6      | Found a runed translucent gate.
  5470 | D:6      | Found a runed translucent gate.
  5470 | D:6      | Noticed yrara's ghost (novice DsFi)
  5470 | D:6      | Noticed yrara's ghost (novice DsFi)
  5470 | D:6      | Noticed Mehrunes's ghost (novice FoFi)
  5590 | D:6      | Found an opulent altar of Gozag.
  5590 | D:6      | Found a glowing silver altar of Zin.
  5663 | D:6      | Reached **** piety under Cheibriados
  5886 | D:6      | Found an iron altar of Okawaru.
  6072 | D:7      | Reached skill level 5 in Fighting
  6122 | D:7      | Reached XP level 9. HP: 37/95 MP: 14/14
  6279 | D:7      | Reached skill level 5 in Dodging
  6279 | D:7      | Reached skill level 1 in Conjurations
  6312 | D:7      | Reached skill level 7 in Maces & Flails
  6435 | D:7      | Noticed a troll
  6449 | D:7      | Killed a troll
  6793 | D:7      | Noticed Joseph
  6828 | D:7      | Killed Joseph
  6951 | D:7      | Found a corrupted altar of Lugonu.
  7111 | D:8      | Found a sand-covered staircase.
  7118 | Ossuary  | Entered an ossuary
  7194 | Ossuary  | Reached ***** piety under Cheibriados
  7264 | Ossuary  | Reached skill level 1 in Axes
  7445 | D:8      | Noticed a centaur warrior
  7448 | D:8      | Noticed a two-headed ogre
  7448 | D:8      | Noticed Sarzael's ghost (novice DsSk)
  7458 | D:8      | Found a transporter.
  7461 | D:8      | Found a transporter.
  7693 | D:8      | Found an ornate altar of the Wu Jian Council.
  7723 | D:8      | Reached XP level 10. HP: 52/107 MP: 16/16
  8247 | D:8      | Reached skill level 5 in Polearms
  8571 | D:9      | Noticed Psyche
  8591 | D:9      | Killed from afar by Psyche

Skill      XL: |  1  2  3  4  5  6  7  8  9 10 |
---------------+-------------------------------+-----
Dodging        | 3 4 5 6 |  6.1
Stealth        | 4 |  4.8
Throwing       | 1 2 3 |  3.3
Maces & Flails | 2 3 4 5 6 7 |  7.8
Spellcasting   | 1 2 3 4 |  4.3
Evocations     | 1 2 3 |  3.3
Invocations    | 1 2 3 4 |  4.9
Fighting       | 2 3 4 5 6 |  6.5
Polearms       | 1 3 4 5 |  5.0
Conjurations   | 2 |  2.3
Axes           | 1 |  1.4

Action                   |  1- 3 |  4- 6 |  7- 9 | 10-12 || total
-------------------------+-------+-------+-------+-------++-------
Melee: Mace              |   158 |   241 |   278 |    50 ||   727
       Trident           |       |     6 |       |       ||     6
       Halberd           |       |       |   149 |       ||   149
       War axe           |       |       |    21 |       ||    21
 Fire: Blowgun           |       |     9 |    98 |    22 ||   129
Throw: Stone             |       |    26 |    25 |       ||    51
       Tomahawk          |       |     7 |       |     5 ||    12
 Cast: Magic Dart        |       |       |     2 |       ||     2
Evoke: Wand              |       |       |     2 |       ||     2
  Use: Scroll            |       |     4 |     2 |       ||     6
       Potion            |       |     3 |       |       ||     3
 Stab: Sleeping          |    11 |     3 |     8 |     1 ||    23
       Distracted        |       |       |     2 |       ||     2
  Eat: Chunk             |     6 |    14 |    22 |     4 ||    46
       Ration            |       |       |     1 |       ||     1
Armor: Skin              |   133 |   222 |   354 |    47 ||   756
Dodge: Dodged            |   168 |   230 |   521 |    62 ||   981
Block: Other             |       |       |    48 |    11 ||    59
       Reflection        |       |       |       |     1 ||     1
